[Event "Dundee & Angus Major"]
[Site "?"]
[Date "2009.10.17"]
[Round "3"]
[White "Lyall, Duncan"]
[Black "Pearson, Walter"]
[Result "1-0"]
[ECO "C80"]
[WhiteElo "1382"]
[BlackElo "1504"]
[Annotator ",Raymond"]
[PlyCount "43"]
[TimeControl "240+2"]

{32MB, Fritz9.ctg, CASTLEHILL} 1. e4 e5 2. Nf3 Nc6 3. Bb5 a6 4. Ba4 Nf6 5. O-O
Nxe4 6. d4 b5 7. Re1 d5 8. Bb3 Be6 9. dxe5 Bc5 10. Be3 O-O 11. Bxc5 Nxc5 12.
Nd4 Nxd4 13. Qxd4 Nxb3 14. axb3 Qe7 15. b4 Rfc8 16. Nc3 c5 17. bxc5 Qxc5 18.
Red1 b4 19. Nxd5 Bxd5 20. Qxd5 Qxc2 21. Rxa6 Qc7 22. Rxa8 1-0

[Event "Dundee & Angus Major"]
[Site "?"]
[Date "2009.10.17"]
[Round "3"]
[White "Gregory, Sam j14"]
[Black "Noble, Ray"]
[Result "0-1"]
[ECO "A40"]
[WhiteElo "1216"]
[BlackElo "1466"]
[Annotator ",Raymond"]
[PlyCount "54"]
[TimeControl "240+2"]

{32MB, Fritz9.ctg, CASTLEHILL} 1. d4 e5 2. dxe5 Nc6 3. Nf3 Qe7 4. Nc3 Nxe5 5.
e4 Nf6 6. Bg5 c6 7. Nxe5 Qxe5 8. f4 Qe6 9. Bxf6 Qxf6 10. Qf3 Bb4 11. e5 Bxc3+
12. bxc3 Qe6 13. Be2 O-O 14. O-O d6 15. exd6 Qxd6 16. Bc4 Qc5+ 17. Kh1 Qxc4 18.
Rfd1 Be6 19. Rd4 Qb5 20. Rb4 Qa6 21. f5 Bd5 22. Qg4 c5 23. Rf4 Qf6 24. Raf1
Rfe8 25. c4 Bc6 26. Qh4 Qxh4 27. Rxh4 Re2 0-1

[Event "Dundee & Angus Major"]
[Site "?"]
[Date "2009.10.17"]
[Round "3"]
[White "Morrison, George"]
[Black "Dickson, Callum"]
[Result "1/2-1/2"]
[ECO "B30"]
[WhiteElo "1539"]
[BlackElo "1126"]
[Annotator ",Raymond"]
[PlyCount "41"]
[TimeControl "240+2"]

{32MB, Fritz9.ctg, CASTLEHILL} 1. e4 c5 2. Nf3 Nc6 3. Nc3 e6 4. Bc4 Nge7 5. O-O
d5 6. exd5 Nxd5 7. Nxd5 exd5 8. Re1+ Be7 9. Bb5 O-O 10. Bxc6 bxc6 11. d3 Bg4
12. Bf4 Re8 13. h3 Bxf3 14. Qxf3 Qd7 15. Re2 Bd6 16. Rae1 Bxf4 17. Qxf4 h6 18.
Rxe8+ Rxe8 19. Rxe8+ Qxe8 20. Kf1 Qd8 21. Qe3 1/2-1/2